 Dungeon Crawl Stone Soup version 0.18.1-50-g88ac8fd (webtiles) character file.

214 Peloso the Skirmisher (level 5, 0/46 HPs)
             Began as a Ghoul Fighter on Oct 18, 2016.
             Slain by an orc priest (1 damage)
             ... on level 3 of the Dungeon.
             The game lasted 00:06:45 (2520 turns).

Peloso the Skirmisher (Ghoul Fighter)               Turns: 2520, Time: 00:06:49

Health: 0/46       AC: 13    Str: 20    XL:     5   Next: 91%
Magic:  4/4        EV:  5    Int:  3    God:
Gold:   165        SH:  9    Dex:  9    Spells: 0 memorised, 4 levels left

rFire  . . .     SeeInvis .     a - +0 long sword
rCold  + . .     Gourm    .     p - +0 chain mail
rNeg   + + +     Faith    .     c - +0 shield
rPois  ∞         Spirit   .     o - +0 helmet
rElec  .         Dismiss  .     (no cloak)
rCorr  .         Reflect  .     v - +0 pair of gloves
SustAt .         Harm     .     (no boots)
MR     .....                    (no amulet)
Stlth  ..........               (no ring)
                                w - +2 ring of protection

@: rotting, not resistant to hostile enchantments, extremely unstealthy
A: rotting body, claws 1, carnivore 3, cold resistance 1, negative energy
resistance 3, slow regeneration 1, torment resistance, unbreathing
a: no special abilities


You were on level 3 of the Dungeon.
You were not hungry.

You visited 1 branch of the dungeon, and saw 3 of its levels.

You collected 165 gold pieces.

Inventory:

Hand Weapons
 a - a +0 long sword (weapon)
Armour
 b - a +0 scale mail
 c - a +0 shield (worn)
 o - a +0 helmet (worn)
 p - a +0 chain mail (worn)
 v - a +0 pair of gloves (worn)
Jewellery
 w - a +2 ring of protection (left hand)
Scrolls
 g - 3 scrolls of identify
 h - a scroll of random uselessness {unknown}
 j - a scroll of remove curse {unknown}
 k - a scroll of immolation {unknown}
 l - a scroll of fog {unknown}
 m - 3 scrolls of fear {unknown}
 s - 3 scrolls of enchant armour {unknown}
 t - a scroll of magic mapping {unknown}
 x - a scroll of enchant weapon {unknown}
Potions
 d - a potion of lignification {unknown}
 e - a potion of brilliance
 i - a potion of agility
 n - a potion of invisibility
 q - a potion of haste {unknown}
 r - a potion of heal wounds
Comestibles
 f - 5 meat rations
 u - a beef jerky
 z - a chunk of flesh


   Skills:
 + Level 4.2 Fighting
 + Level 2.2 Long Blades
 + Level 3.7 Armour
 + Level 1.6 Dodging
 + Level 3.8 Shields


You had 4 spell levels left.
You didn't know any spells.

Dungeon Overview and Level Annotations

Branches:
Dungeon (3/15)

Altars:


Innate Abilities, Weirdness & Mutations

Your body is rotting away.
You thrive on raw meat.
You are immune to poison.
You have sharp fingernails.
You are carnivorous and can eat meat at any time.
Your flesh is cold resistant.
You are immune to negative energy.
You regenerate slowly when monsters are visible.
You are immune to unholy pain and torment.
You can survive without breathing.


Message History

The orc priest is lightly wounded.
The bat hits you but does no damage.
The orc priest hits you but does no damage. x2
You barely miss the orc priest.
The orc priest is lightly wounded.
The bat hits you but does no damage. You block the bat's attack.
The orc priest invokes the aid of Beogh against you.
Beogh smites you!
* * * LOW HITPOINT WARNING * * *
You closely miss the orc priest.
The orc priest is lightly wounded.
You block the bat's attack.
The orc priest hits you but does no damage.
Your chain mail prevents you from hitting the orc priest.
The orc priest is lightly wounded.
The orc priest calls down the wrath of Beogh upon you.
Beogh smites you!
* * * LOW HITPOINT WARNING * * *
The orc priest hits you.
You die...

#. ........#### #..
..#........#.. #..
..............
#.###.......$....#
##.# ..............
#... #o...........
###..####............
#....o.###.g...:.....
####@#..##...........
#.##g#.......%...#
#.##o.............
#.###o).(.%.....#.
#.. ##............
##. #......$...#. .#
##...?......# ..
##......##.. ..
.....(..<..


You could see an orc priest.

Vanquished Creatures
  Robin (D:2)
  8 gnolls
  3 adders (D:2)
  2 worms (D:2)
  A dart slug (D:2)
  5 giant geckos
  2 orcs (D:3)
  5 giant cockroaches
  19 goblins
  10 hobgoblins
  7 jackals
  5 kobolds
  2 ball pythons (D:2)
  3 bats
  4 giant newts
  9 rats
86 creatures vanquished.

Notes
Turn   | Place    | Note
--------------------------------------------------------------
     0 | D:1      | Peloso the Ghoul Fighter began the quest for the Orb.
     0 | D:1      | Reached XP level 1. HP: 19/19 MP: 0/0
   143 | D:1      | Reached XP level 2. HP: 25/26 MP: 1/1
   324 | D:1      | Reached XP level 3. HP: 26/31 MP: 2/2
   611 | D:2      | Reached skill level 1 in Dodging
   904 | D:2      | Reached XP level 4. HP: 35/38 MP: 3/3
   989 | D:2      | Noticed Robin
  1262 | D:2      | Killed Robin
  1264 | D:2      | HP: 2/40 [goblin/club[Robin] (2)]
  1452 | D:2      | Reached skill level 4 in Fighting
  1452 | D:2      | Reached XP level 5. HP: 35/46 MP: 4/4
  2520 | D:3      | HP: 1/46 [orc priest/divine providence (8)]
  2520 | D:3      | Slain by an orc priest

Skill      XL: |  1  2  3  4 |
---------------+-------------+-----
Shields        | 3 |  3.8
Dodging        | 1 |  1.6
Armour         | 3 |  3.7
Long Blades    | 2 |  2.2
Fighting       | 4 |  4.2

Action                   |  1- 3 |  4- 6 || total
-------------------------+-------+-------++-------
Melee: Long sword        |   119 |   210 ||   329
  Use: Potion            |       |     3 ||     3
       Scroll            |       |     4 ||     4
  Eat: Chunk             |     2 |     5 ||     7
Armor: Scale mail        |    50 |       ||    50
       Chain mail        |    30 |   206 ||   236
Dodge: Dodged            |    54 |    83 ||   137
Block: Shield            |    82 |   161 ||   243
